Map: Waterfall

Players

A.I. 1 (Very Easy) - Winner!

  • Race: Zerg Zerg
  • Spawn Location: 1:00

flashandfoul

  • Race: Terran Terran
  • League: Diamond
  • Spawn Location: 7:00

VOD

https://www.youtube.com/watch?v=Ick-YR4LyVQ

Description

Time

  • Played on: Dec. 29, 2022, 9:21 a.m.
  • Length: 8:09
Show
View Real Time Build Order
Export as new Build Order

A.I. 1 (Very Easy) Zerg - Winner!

Build Orders: Hatch First 

Get SALT Encoding   

  12  0:00  Drone  
  13  0:12  Overlord  
  13  0:16  Drone  
  14  0:42  Hatchery  
  13  0:45  Drone  
  14  1:05  Spawning Pool  
  14  1:07  Extractor  
  14  1:08  Drone  
  13  1:16  Drone  
  14  1:20  Overlord  
  14  1:52  Zergling x2, Queen  
  17  1:55  Zergling x2  
  17  2:01  Roach Warren  
  17  2:05  Drone  
  18  2:09  Extractor  
  18  2:13  Drone  
  18  2:17  Zergling x2  
  18  2:21  Drone  
  20  2:28  Drone  
  21  2:35  Drone  
  22  2:43  Drone  
  23  2:50  Drone  
  24  2:57  Drone  
  25  3:04  Drone  
  26  3:08  Roach, Overlord  
  28  3:14  Drone  
  29  3:21  Drone  
  30  3:28  Drone  
  31  3:35  Drone  
  32  3:42  Drone  
  32  3:45  Overlord  
  33  3:49  Drone  
  33  3:53  Lair  
  34  3:56  Drone  
  34  4:00  Roach  
  37  4:04  Drone  
  36  4:11  Drone  
  37  4:19  Drone  
  38  4:26  Drone  
  39  4:33  Drone  
  40  4:40  Drone  
  40  4:41  Overlord  
  41  4:47  Drone  
  41  4:51  Roach, Overseer  
  41  4:52  Overseer  
  44  4:54  Drone  
  44  4:55  Extractor  
  44  5:01  Drone  
  44  5:02  Extractor  
  44  5:09  Drone  
  45  5:16  Drone  
  46  5:23  Drone  
  47  5:30  Drone  
  48  5:37  Drone  
  51  5:43  Roach  
  50  6:34  Zergling x2  
  51  7:48  Overseer, Overlord  
Show
View Real Time Build Order
Export as new Build Order

flashandfoul Terran 

Build Orders: Reaper Expand, Hellion Banshee 

Get SALT Encoding   

  12  0:00  SCV  
  13  0:12  SCV  
  14  0:16  Supply Depot  
  14  0:24  SCV  
  15  0:38  SCV  
  15  0:40  Barracks  
  16  0:44  Refinery  
  16  0:50  SCV  
  17  1:02  SCV  
  18  1:14  SCV  
  19  1:27  Reaper, Orbital Command  
  20  1:40  Command Center  
  20  1:46  Supply Depot  
  20  1:53  SCV  
  21  1:59  Marine  
  22  2:05  SCV  
  23  2:10  Factory  
  23  2:11  Refinery  
  23  2:17  SCV  
  23  2:22  Barracks Reactor  
  24  2:29  SCV  
  24  2:41  SCV  
  25  2:51  Orbital Command  
  25  2:53  SCV  
  26  3:01  Starport  
  26  3:05  SCV  
  26  3:06  Hellion x2  
  26  3:12  Barracks Tech Lab  
  31  3:17  SCV  
  31  3:18  SCV  
  33  3:26  Supply Depot  
  33  3:27  Hellion x2  
  33  3:29  SCV  
  33  3:30  SCV  
  39  3:41  SCV  
  40  3:42  SCV  
  40  3:45  Banshee  
  40  3:47  Supply Depot  
  44  3:53  SCV  
  44  3:54  SCV  
  46  3:56  Hellion x2  
  50  4:05  SCV  
  50  4:06  SCV  
  50  4:07  Supply Depot  
  50  4:09  Supply Depot  
  50  4:17  SCV, Hellion x2  
  50  4:18  SCV  
  50  4:24  Supply Depot  
  56  4:28  Banshee  
  56  4:29  SCV  
  56  4:30  SCV  
  61  4:39  Hellion x2  
  61  4:41  SCV  
  61  4:42  SCV  
  61  4:43  Command Center  
  67  4:51  Factory  
  67  4:53  SCV  
  67  4:54  SCV  
  67  4:55  Factory  
  69  5:00  Refinery  
  69  5:03  Refinery  
  69  5:06  SCV  
  72  5:07  Hellion  
  72  5:10  SCV  
  72  5:11  Banshee  
  72  5:13  Hellion  
  78  5:18  SCV  
  79  5:22  SCV, Supply Depot  
  82  5:28  Armory, Hellion  
  82  5:30  SCV  
  82  5:34  SCV  
  82  5:35  Hellion  
  86  5:40  Factory Tech Lab x2, Supply Depot x2  
  86  5:44  SCV  
  86  5:46  SCV  
  90  5:50  Hellion  
  90  5:56  SCV, Hellion  
  93  5:59  SCV  
  93  6:03  Banshee  
  97  6:06  Infernal Pre-Igniter, Mag-Field Accelerator  
  97  6:08  SCV  
  97  6:11  SCV, Hellion  
  101  6:14  Orbital Command  
  101  6:20  SCV  
  101  6:21  Cyclone  
  101  6:23  SCV  
  106  6:27  Supply Depot  
  106  6:30  Refinery  
  106  6:31  Refinery  
  106  6:32  SCV  
  107  6:35  SCV, Cyclone  
  111  6:41  SCV  
  111  6:44  SCV  
  111  6:46  Banshee  
  116  6:47  SCV  
  116  6:51  Command Center  
  116  6:53  SCV  
  118  6:56  SCV  
  118  6:57  Cyclone  
  118  6:59  SCV  
  123  7:04  Supply Depot  
  123  7:05  SCV  
  123  7:07  Cyclone, Supply Depot  
  127  7:08  SCV  
  127  7:11  SCV  
  127  7:12  Supply Depot  
  129  7:17  SCV  
  129  7:21  Hellion  
  138  7:30  Cyclone  
  138  7:31  Supply Depot  
  138  7:34  Supply Depot  
  138  7:35  SCV  
  139  7:38  SCV  
  143  7:49  Factory  
  143  7:50  Factory  
  143  7:53  SCV x2, Starport  
  143  7:54  SCV  
  143  7:56  Starport  
Tags
 
Add a new tag
Caveats
  • Supply blocks, unpowered buildings, or Contaminate may cause inaccurate times.
  • Supply counts are checked every 10 seconds.